 Dungeon Crawl Stone Soup version 0.29.1-15-g9cfb28693d (webtiles) character file.

Game seed: 13069339413425607794

242 safid the Chiller (level 6, -7/47 HPs)
             Began as a Merfolk Ice Elementalist on Apr 17, 2023.
             Mangled by a gnoll
             ... wielding a +0 halberd
             ... led by a gnoll bouda
              (17 damage)
             ... on level 4 of the Dungeon.
             The game lasted 00:06:36 (3454 turns).

safid the Chiller (Merfolk Ice Elementalist)        Turns: 3454, Time: 00:06:37

Health: -7/47      AC:  2    Str:  9    XL:     6   Next: 9%
Magic:  2/11       EV: 12    Int: 16    God:
Gold:   123        SH:  0    Dex: 14    Spells: 5/12 levels left

rFire   . . .      SeeInvis .   f - +0 short sword
rCold   . . .      Faith    .   (no shield)
rNeg    . . .      Spirit   .   a - +0 robe
rPois   .          Reflect  .   (no helmet)
rElec   .          Harm     .   (no cloak)
rCorr   .          Rampage  .   (no gloves)
Will    .....                   (no boots)
Stlth   ++........              (no amulet)
HPRegen 0.15/turn               (no ring)
MPRegen 0.12/turn               (no ring)

@: no status effects
A: (nimble swimmer 2), mertail
a: no special abilities


You were on level 4 of the Dungeon.
You visited 1 branch of the dungeon, and saw 4 of its levels.

You collected 123 gold pieces.

Inventory:

Hand Weapons
 f - a +0 short sword (weapon)
Missiles
 c - 3 javelins
Armour
 a - a +0 robe (worn)
Jewellery
 q - a ring of see invisible
Wands
 r - a wand of roots (2)
Scrolls
 e - 2 scrolls of enchant armour {unknown}
 g - a scroll of blinking {unknown}
 h - 4 scrolls of teleportation {unknown}
 j - 3 scrolls of identify {unknown}
 k - a scroll of poison {unknown}
 l - 2 scrolls of magic mapping {unknown}
 n - 2 scrolls of butterflies {unknown}
 o - a scroll of torment {unknown}
 p - a scroll of brand weapon {unknown}
 s - a scroll of enchant weapon {unknown}
Potions
 b - a potion of magic
 d - 4 potions of curing {unknown}
 i - 2 potions of attraction {unknown}
 m - 2 potions of heal wounds {unknown}
 t - a potion of berserk rage {unknown}


   Skills:
 + Level 3.4 Fighting
 - Level 2.6 Dodging
 - Level 2.1 Stealth
 + Level 3.6 Spellcasting
 + Level 5.7 Ice Magic


You had 5 spell levels left.
You knew the following spells:

 Your Spells              Type           Power      Damage    Failure   Level
a - Freeze                Ice            84%        1d10      1%          1
b - Frozen Ramparts       Ice            42%        1d7       4%          3
c - Ozocubu's Armour      Ice            21%        N/A       4%          3

Your spell library contained the following spells:

 Spells                   Type           Power      Damage    Failure   Level
 Summon Small Mammal      Summ           8%         N/A       19%         1
 Call Canine Familiar     Summ           2%         N/A       47%         3
 Summon Guardian Golem    Hex/Summ       2%         N/A       47%         3
 Hailstorm                Conj/Ice       12%        3d5       47%         4


Dungeon Overview and Level Annotations

Branches:
Dungeon (4/15)             Temple (0/1) D:4

Altars:
Gozag

Shops:
D:1 *


Innate Abilities, Weirdness & Mutations

((You are very nimble when in or above water. (Stealth+, EV+, Speed+++)))
Your lower body shifts to a powerful aquatic tail in water.


Message History

The gnoll shouts!
The frozen ramparts melt away.
The adder bites you. The gnoll closely misses you.
Casting: Freeze (safe; 1% risk of failure)
Confirm with . or Enter, or press ? or * to list all spells.
Casting: Frozen Ramparts (dangerous; 5% risk of failure)
Press: ? - help, Dir - look around, f - activate The walls around you are covered in ice.
The adder closely misses you.
The wall freezes the gnoll but does no damage.
The gnoll hits you from afar with a +0 halberd!
A gnoll bouda comes into view. It is wielding a +0 club.
A gnoll comes into view. It is wielding a +0 halberd.
You are too injured to fight recklessly!
You are too injured to fight recklessly!
Unknown command.
You hit the adder.
You kill the adder!
The wall freezes the gnoll.
You kill the gnoll!
You have reached level 6!
The wall freezes the gnoll but does no damage.
The gnoll misses you.
The gnoll bouda barks out a call to the hunt!
The gnolls pick up the pace!
The wall freezes the gnoll.
The gnoll closely misses you.
The wall freezes the gnoll.
The gnoll misses you.
The wall freezes the gnoll.
The gnoll hits you but does no damage.
The wall freezes the gnoll.
You kill the gnoll!
Your icy armour and frozen ramparts will break if you move.
Continue?
Your icy armour cracks and falls away as you move.
The frozen ramparts melt away as you move.
The gnoll hits you from afar with a +0 halberd!
* * * LOW HITPOINT WARNING * * *
The gnoll misses you.
Things that are here:
a +0 club; a gnoll corpse The gnoll hits you from afar with a +0 halberd!
You die...

+........ ....
#........ ....
#...(.... ...[.
#........ .....
#........
......#........
.....g#........
#gg)@.......
#.##)..#####
#...# #...#
#...# #...#
#...# #####


You could see a gnoll bouda and 2 gnolls.

Vanquished Creatures
  Jessica (D:3)
  Natasha (twice) (D:2)
  An iguana (D:3)
  4 adders
  3 gnolls (D:4)
  6 dart slugs
  3 ball pythons
  7 endoplasms
  2 giant cockroaches (D:3)
  8 goblins
  6 hobgoblins
  4 jackals
  2 kobolds (D:3)
  A quokka (D:3)
  7 bats
  3 frilled lizards (D:1)
  8 rats
68 creatures vanquished.

Notes
Turn   | Place    | Note
-------+----------+-------------------------------------------
     0 | D:1      | safid the Merfolk Ice Elementalist began the quest for the
                  | Orb.
     0 | D:1      | Reached XP level 1. HP: 13/13 MP: 3/3
   224 | D:1      | Reached XP level 2. HP: 20/20 MP: 3/5
   261 | D:1      | Found a faded altar of an unknown god.
   347 | D:1      | Reached skill level 1 in Fighting
   998 | D:1      | Found Nacoob's Assorted Antiques.
  1006 | D:1      | Reached XP level 3. HP: 26/26 MP: 4/6
  1035 | D:1      | Learned a level 3 spell: Frozen Ramparts
  1671 | D:2      | Noticed Natasha
  1675 | D:2      | Killed Natasha
  1676 | D:2      | Reached skill level 5 in Ice Magic
  1676 | D:2      | Reached XP level 4. HP: 33/33 MP: 5/8
  1680 | D:2      | Learned a level 3 spell: Ozocubu's Armour
  2000 | D:2      | Noticed Natasha
  2011 | D:2      | Killed Natasha
  2327 | D:3      | Reached XP level 5. HP: 39/39 MP: 7/9
  2523 | D:3      | Noticed Jessica
  2551 | D:3      | Killed Jessica
  2890 | D:4      | Found an opulent altar of Gozag.
  2933 | D:4      | Found a staircase to the Ecumenical Temple.
  3039 | D:4      | Noticed an ogre
  3100 | D:3      | HP: 2/41 [iguana (5)]
  3448 | D:4      | Reached XP level 6. HP: 23/47 MP: 1/11
  3454 | D:4      | Mangled by a gnoll

Illustrated notes

Levels and vault maps discovered:
D:1:      nagdon_arrival_zigzag_paths, layout_basic,
          ebering_ecumenical_altar_webs, serial_shops, nicolae_shop_waterfront
D:2:      layout_basic, uniq_natasha
D:3:      layout_basic, uniq_jessica
D:4:      layout_basic, grunt_gozag_statues, minmay_temple_entry_from_below_a

Skill      XL: |  1  2  3  4  5 |
---------------+----------------+-----
Fighting       | 1 2 3 |  3.4
Ice Magic      | 5 |  5.7
Spellcasting   | 3 |  3.6
Dodging        | |  2.6
Stealth        | |  2.1

Action                   |  1- 3 |  4- 6 || total
-------------------------+-------+-------++-------
Melee: Unarmed           |     1 |       ||     1
       Short sword       |    21 |    58 ||    79
       Club              |     3 |       ||     3
       Punch             |       |     4 ||     4
 Cast: Freeze            |    46 |    25 ||    71
       Frozen Ramparts   |       |     8 ||     8
       Ozocubu's Armour  |       |     2 ||     2
 Stab: Sleeping          |     4 |     4 ||     8
Armor: Robe              |     8 |    13 ||    21
Dodge: Dodged            |    45 |    71 ||   116
